 Dungeon Crawl Stone Soup version 0.29-a0-320-g9f8742066b (webtiles) character file.

Game seed: 1319919447182878983

2524 freelancePsychic the Digger (level 9, -8/70 HPs)
             Began as a Palentonga Earth Elementalist on Apr 2, 2022.
             Was an Initiate of Ashenzari.
             Killed by an exploding orc warrior (16 damage)
             ... ignited by their inner flame
             ... in a bailey.
             The game lasted 00:13:53 (7473 turns).

freelancePsychic the Digger (PaEE)                  Turns: 7473, Time: 00:13:54

Health: -8/70      AC: 19    Str: 12    XL:     9   Next: 29%
Magic:  17/17      EV:  9    Int: 20    God:    Ashenzari [......]
Gold:   97         SH:  0    Dex: 10    Spells: 11/19 levels left

rFire   . . .      SeeInvis +   r - +6 short sword (venom)
rCold   + . .      Faith    .   (no shield)
rNeg    + + .      Spirit   .   s - +2 animal skin
rPois   .          Reflect  .   t - +0 helmet
rElec   .          Harm     .   (no cloak)
rCorr   .          Rampage  .   y - +0 pair of gloves of Divine Intervention {rN++}
Will    .....                   (no barding)
Stlth   +.........              (no amulet)
HPRegen 0.21/turn               u - ring "Eternal With Me" {AC+4, Range, Comp} (curse)
MPRegen 0.15/turn               A - ring of protection from cold

@: curled up
A: large, rugged brown scales 3, see invisible, deformed body, roll 1, armoured
tail, reflexive curl
a: Rolling Charge, Renounce Religion, Shatter the Chains


You were in a bailey.
You worshipped Ashenzari.
Ashenzari was noncommittal.
You visited 2 branches of the dungeon, and saw 9 of its levels.
You also visited: Bailey.

You collected 363 gold pieces.
You spent 266 gold pieces at shops.

Inventory:

Hand Weapons
 r - a +6 short sword of venom (weapon)
Missiles
 a - 171 stones
Armour
 s - a +2 animal skin (worn)
 t - a +0 helmet (worn)
 y - the +0 pair of gloves of Divine Intervention (worn) {rN++}
   (You bought it in a shop on level 1 of the Dungeon)

   rN:        It greatly protects you from negative energy.
Jewellery
 k - a ring of ice
 m - a ring of fire
 u - the cursed ring "Eternal With Me" (left hand) {AC+4, Range, Comp}
   (You found it on level 4 of the Dungeon)

   [ring of protection]

   AC:        It affects your AC (+4).
   It has a curse which improves the following skills: Ranged Combat: Slings,
   Bows, Crossbows and Throwing.
   Companions: Summonings and Necromancy.
 A - a ring of protection from cold (right hand)
Scrolls
 b - a scroll of immolation
 h - a scroll of fear
 i - 3 scrolls of amnesia
 l - a scroll of torment
 n - 2 scrolls of teleportation {@r4}
 p - 2 scrolls of fog
 v - 2 scrolls of vulnerability
 D - a scroll of blinking {unknown}
Potions
 c - a potion of magic
 d - 2 potions of attraction
 e - a potion of ambrosia {unknown}
 f - 3 potions of resistance {unknown}
 g - 4 potions of curing {unknown}
 j - 4 potions of mutation {unknown}
 o - 2 potions of cancellation {unknown}
 q - a potion of lignification
 w - 3 potions of might {unknown}
 x - a potion of invisibility
 z - a potion of heal wounds {unknown}
 B - 2 potions of haste {unknown}
 C - a potion of brilliance {unknown}


   Skills:
 + Level 4.4 Fighting
 - Level 1.5 Dodging
 - Level 1.2 Stealth
 + Level 5.7 Spellcasting
 + Level 6.3 Conjurations
 * Level 3.1 Transmutations
 - Level 6.6 Earth Magic


You had 11 spell levels left.
You knew the following spells:

 Your Spells              Type           Power      Damage    Failure   Level
a - Sandblast             Erth           64%        2d14      1%          1
b - Stone Arrow           Conj/Erth      62%        3d10      2%          3
c - Iskenderun's Mystic   Conj/Tloc      18%        2d6       28%         4

Your spell library contained the following spells:

 Spells                   Type           Power      Damage    Failure   Level
 Passwall                 Tmut/Erth      20%        N/A       2%          2
 Foxfire                  Conj/Fire      72%        2x1d7     3%          1
 Conjure Flame            Conj/Fire      18%        6-21      9%          3
 Dazzling Flash           Conj/Hex       36%        N/A       9%          3
 Petrify                  Tmut/Erth      25%        N/A       14%         4
 Ensorcelled Hibernation  Hex/Ice        10%        N/A       16%         2
 Spider Form              Tmut/Pois      11%        N/A       17%         3
 Flame Wave               Conj/Fire      18%        2d6       28%         4
 Gell's Gravitas          Tloc           5%         N/A       32%         3
 Inner Flame              Hex/Fire       5%         N/A       32%         3
 Lesser Beckoning         Tloc           5%         N/A       32%         3
 Teleport Other           Tloc           5%         N/A       32%         3
 Anguish                  Hex/Necr       2%         N/A       71%         4
 Starburst                Conj/Fire      9%         6d5       99%         6


Dungeon Overview and Level Annotations

Branches:
Dungeon (8/15)             Temple (1/1) D:5          Bailey (1/1)
   Lair: D:8-11

Altars:
Ashenzari
Cheibriados
Elyvilon
Fedhas
Hepliaklqana
Okawaru
Qazlal
Ru
Trog
Uskayaw
Wu Jian
Yredelemnul
Zin
The Shining One

Shops:
D:1 [   D:4 [


Innate Abilities, Weirdness & Mutations

You are completely covered in rugged brown scales. (AC +3, +7% HP)
You have supernaturally acute eyesight. (SInv)
Armour fits poorly on your strangely shaped body.
You can roll at nearby foes to attack.
You have a long armoured tail.
You curl defensively after being hit. (AC +7*)


Message History

The creatures around you are filled with an inner flame!
The orc warlord hits your gnoll with a +0 war axe!!
Your gnoll's corpse dissolves into shadows!
The orc warlord hits your gnoll with a +0 war axe!
Flame seeps out of your gnoll.
Your gnoll explodes!
The fiery explosion engulfs your gnoll!!
Your gnoll's corpse dissolves into shadows!
The fiery explosion engulfs you!!
The fiery explosion engulfs your orc warrior!!
Flame seeps out of your orc warrior.
Your orc warrior is almost dead.
The fiery explosion engulfs the orc warlord!!
Flame seeps out of the orc warlord.
The orc warlord is moderately wounded.
The fiery explosion engulfs your gnoll!!
Your gnoll's corpse dissolves into shadows!
The fiery explosion engulfs the orc warrior!!
The orc warrior explodes!
The fiery explosion engulfs your orc warrior!!
Your orc warrior's corpse dissolves into shadows!
The fiery explosion engulfs your gnoll!!!
Your gnoll's corpse dissolves into shadows!
The fiery explosion engulfs you!
The fiery explosion engulfs your gnoll!!
Your gnoll's corpse dissolves into shadows!
The fiery explosion engulfs the orc warlord!!!
Flame seeps out of the orc warlord.
The orc warlord is severely wounded.
Your gnoll explodes!
The fiery explosion engulfs you!
* * * LOW HITPOINT WARNING * * *
Your gnoll explodes!
The fiery explosion engulfs you!
* * * LOW HITPOINT WARNING * * *
Your orc warrior explodes!
The fiery explosion engulfs your orc wizard!!!
Your orc wizard's corpse dissolves into shadows!
The fiery explosion engulfs you!
You die...

#.........)#≈)≈≈≈#.(..
#.....)(.()'.(...'(...
#...8.)....#########..
##....).####≈≈ #≈≈≈##.
##...g.#≈≈#≈....."≈#.
##..o.#≈........!≈#.
#§§○##≈8.8...8.8##.
#§§§o≈≈........o#..
#§@§§≈≈....∩...o#..
#§§§§≈≈.........#..
#§§§##≈8.8...8.8##.
##....#≈........?≈#.
##...K.#≈≈#≈.....}≈#.
##......####≈≈ #≈≈≈##.
#...8......## #####..
#..........'K ....
#..........#≈≈ ....


You could see an orc warlord (inner flame), a kobold (inner flame), a friendly
orc priest (summoned, inner flame) and a friendly gnoll (summoned, inner flame).

Vanquished Creatures
  Pikel (D:5)
  4 orc warriors (Bailey)
  3 black bears
  2 ice beasts
  2 sky beasts
  2 ogres (D:6)
  3 lemures (D:5)
  2 bullfrogs
  2 necrophages
  2 scorpions
  A jelly (D:6)
  6 hounds
  An orc priest (D:5)
  3 iguanas
  2 orc wizards
  Robin (D:3)
  6 gnolls
  8 adders
  An ufetubus (D:7)
  3 dart slugs
  14 orcs
  5 bats
  7 endoplasms
  A giant cockroach (D:1)
  17 goblins
  13 hobgoblins
  12 kobolds
  4 quokkas
  8 ball pythons
  3 frilled lizards
  4 rats
143 creatures vanquished.

Notes
Turn   | Place    | Note
-------+----------+-------------------------------------------
     0 | D:1      | freelancePsychic the Palentonga Earth Elementalist began
                  | the quest for the Orb.
     0 | D:1      | Reached XP level 1. HP: 13/13 MP: 3/3
   442 | D:1      | Reached XP level 2. HP: 12/21 MP: 3/5
   608 | D:1      | Found a faded altar of an unknown god.
   636 | D:1      | Reached skill level 1 in Conjurations
   923 | D:1      | Reached XP level 3. HP: 19/26 MP: 4/6
  1133 | D:1      | Found Neni's Antique Armour Shop.
  1651 | D:2      | Identified the +9 spear "Ninareidil" {vorpal, Str+2 Int-2
                  | Stlth+}
  1969 | D:2      | Reached XP level 4. HP: 29/33 MP: 7/7
  2056 | D:2      | Found a glowing golden altar of the Shining One.
  2330 | D:3      | Noticed Robin
  2339 | D:3      | Killed Robin
  2680 | D:3      | Learned a level 3 spell: Stone Arrow
  2780 | D:4      | Reached XP level 5. HP: 31/38 MP: 9/9
  3043 | D:4      | Found Jivofa's Antique Armour Emporium.
  3074 | D:4      | Noticed a black bear
  3081 | D:4      | Killed a black bear
  3082 | D:4      | Reached XP level 6. HP: 40/44 MP: 4/10
  3293 | D:5      | Entered Level 5 of the Dungeon
  3366 | D:5      | Noticed a sky beast
  3379 | D:5      | Killed a sky beast
  3850 | D:5      | Noticed Pikel
  4016 | D:5      | Gained mutation: You curl defensively after being hit. (AC
                  | +7*) [Palentonga growth]
  4016 | D:5      | Reached XP level 7. HP: 38/50 MP: 10/12
  4194 | D:5      | Reached skill level 5 in Earth Magic
  4602 | D:5      | Found a staircase to the Ecumenical Temple.
  4843 | Temple   | Entered the Ecumenical Temple
  4951 | Temple   | Became a worshipper of Ashenzari the Shackled
  5192 | D:6      | Reached skill level 1 in Fighting
  5278 | D:6      | Reached skill level 5 in Conjurations
  5349 | D:6      | Reached XP level 8. HP: 59/59 MP: 7/14
  5955 | D:5      | Killed Pikel
  5956 | D:5      | Reached skill level 5 in Spellcasting
  6040 | D:1      | Bought a pair of ichor-stained gloves for 266 gold pieces
  6040 | D:1      | Identified the +0 pair of gloves of Divine Intervention
                  | {rN++} (You bought it in a shop on level 1 of the Dungeon)
  6483 | D:7      | Reached XP level 9. HP: 62/69 MP: 15/17
  6931 | D:8      | Found a flagged portal.
  6937 | Bailey   | Entered a bailey
  6943 | Bailey   | Noticed an orc warlord
  6985 | Bailey   | Learned a level 4 spell: Iskenderun's Mystic Blast
  7241 | Bailey   | Found a runed translucent gate.
  7241 | Bailey   | Found a runed translucent gate.
  7296 | Bailey   | Found a runed translucent gate.
  7473 | Bailey   | Killed by an exploding orc warrior... ignited by their
                  | inner flame

Illustrated notes

Levels and vault maps discovered:
D:1:      lemuel_arrival_lava_pool, layout_basic, serial_shops,
          nicolae_square_shop, basic_ecumenical_altar
D:2:      layout_basic, basic_altar, minivault_24
D:3:      layout_rooms, uniq_robin
D:4:      layout_rooms, serial_shops, nicolae_stop_n_shop_2
D:5:      layout_basic, minmay_temple_entry_crystal_x,
          minmay_misc_feat_diagonals, uniq_pikel
D:6:      layout_basic
D:7:      layout_loops_ring
D:8:      nicolae_BIG_FREAKIN_CUBE, layout_rooms, ebering_ghost_reflecting_pool,
          enter_bailey_2
Temple:   minmay_crystal_snake_temple
Bailey:   bailey_axe_bossmonster_kennysheep, bailey

Skill      XL: |  1  2  3  4  5  6  7  8  9 |
---------------+----------------------------+-----
Conjurations   | 1 2 3 4 5 6 |  6.3
Earth Magic    | 3 4 5 6 |  6.6
Spellcasting   | 3 4 5 |  5.7
Fighting       | 1 3 4 |  4.4
Transmutations | 3 |  3.1
Dodging        | |  1.5
Stealth        | |  1.2

Action                   |  1- 3 |  4- 6 |  7- 9 || total
-------------------------+-------+-------+-------++-------
Melee: Unarmed           |    43 |       |       ||    43
       Tailslap          |    11 |     7 |    23 ||    41
       Mace              |    27 |       |       ||    27
       Spear             |    10 |    18 |       ||    28
       Punch             |     1 |       |     3 ||     4
       Short sword       |       |    85 |   170 ||   255
 Cast: Sandblast         |    21 |    31 |    13 ||    65
       Stone Arrow       |       |       |    20 ||    20
Invok: Curse Item        |       |       |     1 ||     1
 Abil: Rolling Charge    |     3 |       |       ||     3
  Use: Scroll            |       |     6 |     9 ||    15
       Potion            |       |       |     1 ||     1
 Stab: Sleeping          |     2 |     1 |       ||     3
Armor: Robe              |    42 |     4 |       ||    46
       Animal skin       |       |    50 |   110 ||   160
       Skin              |       |       |    10 ||    10
Dodge: Dodged            |    35 |    57 |    92 ||   184

Table legend: (Time is in decaauts)
 A = Elapsed time spent in this place.
 B = Non-inter-level travel time spent in this place.
 C = Inter-level travel time spent in this place.
 D = Time resting spent in this place.
 E = Time spent auto-exploring this place.
 F = Levels seen in this place.
 G = Mean time per level.
                   A        B        C        D        E       F      G
               +--------+--------+--------+--------+--------+-----+--------+
         Total |   7522 |   7006 |    516 |    286 |   5429 |  10 |  752.2 |
       Dungeon |   6828 |   6376 |    452 |    286 |   4994 |   8 |  853.5 |
        Temple |    149 |     86 |     63 |      0 |     70 |   1 |  149.0 |
        Bailey |    544 |    544 |      0 |      0 |    365 |   1 |  544.0 |
               +--------+--------+--------+--------+--------+-----+--------+

Top non-repeatable levels by time:
     D:5: 1547 daAuts
     D:2: 1191 daAuts
     D:1: 1164 daAuts
     D:6: 845 daAuts
     D:4: 785 daAuts
     D:7: 748 daAuts
  Bailey: 544 daAuts
     D:3: 532 daAuts
  Temple: 149 daAuts
     D:8: 13 daAuts
